 Dungeon Crawl Stone Soup version 0.23-a0-554-gd3cbc84 (webtiles) character file.

34 galech the Skirmisher (level 3, 20/29 HPs)
             Began as a Demonspawn Fighter on Dec 10, 2018.
             Quit the game on level 2 of the Dungeon.
             The game lasted 00:01:01 (813 turns).

galech the Skirmisher (Demonspawn Fighter)           Turns: 813, Time: 00:01:01

Health: 20/29      AC:  7    Str: 16    XL:     3   Next: 14%
Magic:  3/3        EV:  6    Int:  9    God:
Gold:   54         SH:  9    Dex: 13    Spells: 2/2 levels left

rFire    . . .     SeeInvis .   a - +0 war axe
rCold    . . .     Gourm    .   c - +0 shield
rNeg     . . .     Faith    .   b - +0 scale mail
rPois    .         Spirit   +   (helmet restricted)
rElec    .         Reflect  .   (no cloak)
rCorr    .         Harm     .   m - +0 pair of gloves
MR       .....                  (no boots)
Stlth    ..........             l - amulet of guardian spirit
HPRegen  0.09/turn              (no ring)
MPRegen  0.08/turn              (no ring)

@: no status effects
A: horns 1, spiny 1
a: no special abilities


You were on level 2 of the Dungeon.
You were not hungry.

You visited 1 branch of the dungeon, and saw 2 of its levels.

You collected 54 gold pieces.

Inventory:

Hand Weapons
 a - a +0 war axe (weapon)
Armour
 b - a +0 scale mail (worn)
 c - a +0 shield (worn)
 m - a +0 pair of gloves (worn)
Jewellery
 l - an amulet of guardian spirit (around neck)
Scrolls
 e - a scroll of identify {unknown}
 h - 2 scrolls of teleportation {unknown}
 j - a scroll of random uselessness {unknown}
Potions
 d - a potion of might
 g - a potion of flight {unknown}
 k - a potion of heal wounds {unknown}
 n - a potion of degeneration {unknown}
Comestibles
 f - 2 rations
 i - 6 chunks of flesh


   Skills:
 + Level 3.3 Fighting
 + Level 2.2 Axes
 + Level 3.0 Armour
 + Level 3.1 Shields


You had 2 spell levels left.
You didn't know any spells.
Your spell library was empty.

Dungeon Overview and Level Annotations

Branches:
Dungeon (2/15)

Altars:


Innate Abilities, Weirdness & Mutations

You have a pair of small horns on your head.
You are partially covered in sharp spines.


Message History

The bat is heavily wounded.
The bat is struck by your spines.
You kill the bat!
No target in view!
No target in view!
No target in view!
No target in view!
No target in view!
No target in view!
No target in view!
No target in view!
No target in view!
No target in view!
No target in view!
No target in view!
No target in view!
No target in view!
No target in view!
No target in view!
Are you sure you want to abandon this character and quit the game? (Confirm

#.. ##+## #.# # ##...##
#.#.# ##.....## ##.#.#
#.......## ##....# #
.........####...####.##.
.........'.))...........
.........####...@....#
#....รท..## ##.####)##
##....<## #..# ##...##
#... ##+## #..#. #..#..
#..# #. ##.. ..


There were no monsters in sight!

Vanquished Creatures
  2 dart slugs (D:1)
  4 bats
  5 goblins
  4 hobgoblins (D:1)
  2 jackals (D:2)
  A ball python (D:2)
  2 frilled lizards (D:1)
  5 kobolds
  3 rats
28 creatures vanquished.

Notes
Turn   | Place    | Note
-------+----------+-------------------------------------------
     0 | D:1      | galech the Demonspawn Fighter began the quest for the Orb.
     0 | D:1      | Reached XP level 1. HP: 18/18 MP: 1/1
   229 | D:1      | Gained mutation: You have a pair of small horns on your
                  | head. [demonic ancestry]
   229 | D:1      | Reached XP level 2. HP: 16/24 MP: 2/2
   794 | D:2      | Gained mutation: You are partially covered in sharp spines.
                  | [demonic ancestry]
   794 | D:2      | Reached XP level 3. HP: 19/29 MP: 1/3
   813 | D:2      | Quit the game

Vault maps used:
D:1:      dpeg_arrival_solitude, minmay_misc_feat_diagonals
D:2:      nicolae_overflow_crystal_walls, marbit_many_paths,
          minmay_indecisive_spiral, uniq_robin

Skill      XL: |  1  2 |
---------------+-------+-----
Shields        | 3 |  3.1
Axes           | 2 |  2.2
Armour         | 3 |  3.0
Fighting       | |  3.3

Action                   || total
-------------------------++-------
Melee: War axe           ||    65
       Headbutt          ||     1
Armor: Scale mail        ||    26
Dodge: Dodged            ||    16
Block: Shield            ||    37

Table legend:
 A = Non-vault XP
 B = Vault XP
 C = Vault XP percentage of total XP
 D = Non-vault monster count
 E = Vault monster count
 F = Vault count percentage of total count
                 A         B        C        D         E       F
            +---------+---------+-------+---------+---------+-------
      Total |      46 |       3 |   6.1 |      26 |       2 |   7.1
            +---------+---------+-------+---------+---------+-------
        D:1 |      35 |       0 |   0.0 |      20 |       0 |   0.0
        D:2 |      11 |       3 |  21.4 |       6 |       2 |  25.0
            +---------+---------+-------+---------+---------+-------
